AoeStats
← gg_Small_Head

Black Forest

505041929Analyzed
4v4 RM · 25d ago on Sep 7, 2026· 46m 2s· 8 players
Game mode
Random Map
Map size
Large (8 player)
Population
200
Speed
Normal
Resources
Standard
Victory
Conquest
Starting age
Dark Age
Ending age
Imperial Age
RankedLock teamsTeams togetherTeam positionsShared explorationLock speedFull tech treeHidden civsTurbo modeCheats
Victory
Defeat
🇦🇷 Tatars · Argentina
1392
+15
🇩🇪 Bengalis · Germany
1318
+18
🇦🇪 Goths · United Arab Emirates
1302
+18
🇨🇴 Persians · Colombia
1280
+19
🇸🇰 Khmer · Slovakia
1415
-20
🇸🇰 Turks · Slovakia
1414
-20
🇸🇰 Chinese · Slovakia
1392
-19
🇸🇰 Portuguese · Slovakia
1203
-11
Creed
1:27 Loom
11:54 Feudal Age
12:51 Double-Bit Axe
17:21 Castle Age
17:26 Horse Collar
18:53 Fishing Lines
24:27 Heavy Plow
25:59 Gillnets
26:16 Gold Mining
27:29 Wheelbarrow
29:21 Gold Shaft Mining
28:37 Stone Mining
29:31 Hand Cart
29:38 Bow Saw
33:05 Imperial Age
30:34 Fletching
30:44 Padded Archer Armor
31:36 Town Watch
31:50 Bodkin Arrow
32:10 Leather Archer Armor
32:19 Ballistics
32:29 Husbandry
32:39 Bloodlines
33:09 Elite Elephant Archer
35:45 Chemistry
35:08 Bracer
35:38 Ring Archer Armor
37:45 Mahayana
38:04 Paiks
38:05 Onager
42:25 Ring Archer Armor
AM | Rick2
11:17 Feudal Age
13:12 Double-Bit Axe
16:42 Fishing Lines
18:32 Horse Collar
21:35 Castle Age
23:08 Bow Saw
23:00 Heavy Plow
24:10 Wheelbarrow
26:03 Hand Cart
26:53 Gold Mining
29:54 Imperial Age
27:52 Scale Barding Armor
27:58 Forging
28:56 Gold Shaft Mining
28:51 Loom
30:08 Bloodlines
29:59 Husbandry
30:21 Chain Barding Armor
30:05 Cavalier
31:25 Iron Casting
32:02 Two-Man Saw
30:55 Gillnets
31:22 Stone Mining
32:08 Plate Barding Armor
31:24 Town Watch
31:46 Savar
34:39 Crop Rotation
34:46 Stone Shaft Mining
35:30 Blast Furnace
36:12 Conscription
38:11 Ballistics
38:53 Chemistry
37:31 Light Cavalry
38:18 Hussar
41:35 Citadels
44:35 Capped Ram
44:41 Onager
Abadengo
5:45 Loom
11:00 Feudal Age
14:35 Castle Age
12:40 Double-Bit Axe
12:42 Horse Collar
22:08 Bow Saw
23:32 Heavy Plow
24:00 Gold Mining
24:58 Wheelbarrow
26:30 Hand Cart
26:53 Stone Mining
29:47 Imperial Age
27:44 Scale Mail Armor
29:27 Stone Shaft Mining
29:24 Coinage
29:17 Chain Mail Armor
30:11 Forging
30:06 Anarchy
29:57 Elite Huskarl
31:57 Chemistry
31:41 Crop Rotation
32:16 Two-Man Saw
30:48 Capped Ram
32:10 Conscription
33:15 Iron Casting
34:42 Squires
34:03 Pikeman
36:13 Halberdier
37:36 Ballistics
38:54 Coinage
39:26 Blast Furnace
40:13 Banking
|MP| layc0ni
1:04 Loom
10:49 Feudal Age
10:51 Man-at-Arms
11:47 Double-Bit Axe
17:14 Horse Collar
19:24 Wheelbarrow
21:45 Castle Age
19:57 Fletching
22:43 Bodkin Arrow
24:04 Guard Tower
31:51 Imperial Age
33:37 Ballistics
33:18 Bracer
38:43 Bow Saw
gg_Vrso5
0:38 Loom
12:59 Feudal Age
14:04 Horse Collar
15:20 Double-Bit Axe
18:07 Castle Age
18:40 Fishing Lines
19:20 Bow Saw
21:45 Heavy Plow
23:11 Wheelbarrow
23:23 Gillnets
23:41 Pikeman
24:43 Gold Mining
27:01 Hand Cart
27:42 Scale Mail Armor
28:46 Gold Shaft Mining
28:38 Squires
31:58 Imperial Age
30:19 Chain Mail Armor
31:33 Squires
31:31 Town Watch
31:41 Stone Mining
32:46 Forging
32:55 Heavy Rocket Cart
32:57 Halberdier
34:11 Plate Mail Armor
33:36 Capped Ram
35:14 Iron Casting
34:47 Fletching
35:31 Siege Ram
36:37 Fortified Wall
37:28 Chemistry
36:39 Masonry
38:07 Blast Furnace
37:03 Bodkin Arrow
36:44 Elite Chu Ko Nu
37:27 Great Wall
37:30 Padded Archer Armor
39:02 Bracer
39:21 Caravan
40:07 Leather Archer Armor
40:39 Stone Shaft Mining
40:26 Conscription
40:44 Architecture
40:35 Bombard Tower
40:11 Murder Holes
42:49 Thumb Ring
43:28 Rocketry
gg_Sasek
10:52 Feudal Age
12:48 Loom
15:44 Castle Age
18:59 Forging
18:39 Fletching
24:24 Imperial Age
23:14 Double-Bit Axe
24:30 Gold Mining
24:33 Stone Mining
24:55 Bow Saw
26:00 Wheelbarrow
25:12 Town Watch
27:36 Fletching
28:54 Chemistry
31:29 Block Printing
32:34 Elite Organ Gun
34:02 Theocracy
34:15 Fervor
34:27 Sanctity
34:38 Hand Cart
35:39 Siege Engineers
37:58 Coinage
38:12 Arquebus
39:23 Redemption
39:09 Herbal Medicine
39:28 Town Patrol
39:51 Bombard Tower
39:13 Treadmill Crane
39:43 Fortified Wall
39:43 Masonry
41:28 Conscription
41:44 Banking
41:25 Guilds
41:13 Murder Holes
41:39 Ballistics
41:54 Bodkin Arrow
42:41 Bracer
42:47 Scale Barding Armor
42:53 Forging
43:06 Forging
42:56 Padded Archer Armor
43:29 Architecture
44:39 Capped Ram
44:39 Onager
gg_Small_Head
11:33 Feudal Age
14:30 Castle Age
12:55 Double-Bit Axe
21:45 Bow Saw
21:18 Horse Collar
22:34 Fishing Lines
23:53 Wheelbarrow
23:03 Loom
23:04 Town Watch
23:21 Heavy Plow
23:47 Gold Mining
23:57 Stone Mining
25:05 Gillnets
26:06 Hand Cart
27:05 Gold Shaft Mining
27:07 Stone Shaft Mining
30:31 Imperial Age
28:17 Forging
28:17 Scale Barding Armor
28:52 Ballistics
28:44 Masonry
29:44 Iron Casting
29:21 Bloodlines
29:11 Husbandry
31:03 Chain Barding Armor
30:05 Light Cavalry
30:56 Town Patrol
32:44 Plate Barding Armor
33:09 Blast Furnace
31:31 Hussar
32:32 Conscription
31:33 Elite Ballista Elephant
32:13 Double Crossbow
33:18 Chemistry
32:36 Fletching
33:19 Siege Engineers
33:51 Hoardings
33:54 Fortified Wall
34:30 Crop Rotation
35:27 Caravan
41:57 Coinage
43:51 Bodkin Arrow
43:57 Scale Mail Armor
45:15 Bracer
45:16 Padded Archer Armor
45:31 Chain Mail Armor
45:48 Architecture
gg_Rastislav_III.
0:58 Loom
12:49 Feudal Age
12:58 Feudal Age
19:33 Castle Age
17:35 Horse Collar
18:35 Double-Bit Axe
20:31 Bow Saw
20:16 Fletching
21:41 Fletching
28:42 Wheelbarrow
28:46 Bodkin Arrow
29:43 Town Watch
31:21 Gold Mining
31:25 Stone Mining
31:43 Heavy Plow
35:52 Masonry
41:19 Imperial Age
40:26 Padded Archer Armor
42:46 Gold Shaft Mining
42:13 Bracer
42:35 Conscription
44:57 Artillery
46:04 Two-Man Saw
Connection lost

Rejoining the realm…

Still unreachable

The connection could not be restored.

Session expired

The server has moved on; the page needs a fresh start.